 Dungeon Crawl Stone Soup version 0.29.0-5-ge4962eb29e (webtiles) character file.

Game seed: 13642922360661649311

39 ProzacElf the Covered (level 3, -1/46 HPs)
             Began as a Palentonga Fighter on Aug 29, 2022.
             Was a Follower of Trog.
             Slain by a gnoll
             ... wielding a +0 flail
              (10 damage)
             ... on level 2 of the Dungeon.
             The game lasted 00:01:44 (937 turns).

ProzacElf the Covered (Palentonga Fighter)           Turns: 937, Time: 00:01:45

Health: -1/46      AC:  6    Str: 21    XL:     3   Next: 28%
Magic:  3/3        EV:  7    Int:  8    God:    Trog [*.....]
Gold:   34         SH:  4    Dex: 11    Spells: 2/2 levels left

rFire   . . .      SeeInvis +   a - +0 war axe
rCold   . . .      Faith    .   c - +0 buckler
rNeg    . . .      Spirit   .   b - +0 scale mail
rPois   .          Reflect  .   (no helmet)
rElec   .          Harm     .   (no cloak)
rCorr   .          Rampage  .   (no gloves)
Will    .....                   (no barding)
Stlth   ..........              (no amulet)
HPRegen 0.15/turn               k - ring of flight
MPRegen 0.08/turn               (no ring)

@: berserking, flying, very quick
A: large, rugged brown scales 3, see invisible, deformed body, roll 1, armoured
tail
a: Rolling Charge, Renounce Religion, Berserk


You were on level 2 of the Dungeon.
You worshipped Trog.
Trog was aware of your devotion.
You visited 1 branch of the dungeon, and saw 2 of its levels.

You collected 34 gold pieces.

Inventory:

Hand Weapons
 a - a +0 war axe (weapon)
Armour
 b - a +0 scale mail (worn)
 c - a +0 buckler (worn)
Jewellery
 k - a ring of flight (left hand)
Scrolls
 f - a scroll of amnesia {unknown}
 h - 2 scrolls of blinking {unknown}
 j - a scroll of enchant armour {unknown}
 l - a scroll of teleportation {unknown}
Potions
 d - 2 potions of might
 e - a potion of curing {unknown}
 g - a potion of mutation {unknown}
 i - a potion of brilliance {unknown}


   Skills:
 - Level 3.0 Fighting
 + Level 3.0 Axes
 + Level 3.1 Armour
 - Level 2.6 Shields


You had 2 spell levels left.
You didn't know any spells.
Your spell library contained the following spells:

 Spells                   Type           Power      Damage    Failure   Level
 Magic Dart               Conj           0%         1d3       82%         1
 Searing Ray              Conj           0%         2d4       91%         2
 Fulminant Prism          Conj/Hex       0%         3d6       100%        4


Dungeon Overview and Level Annotations

Branches:
Dungeon (2/15)

Altars:
Trog


Innate Abilities, Weirdness & Mutations

You are completely covered in rugged brown scales. (AC +3, +7% HP)
You have supernaturally acute eyesight. (SInv)
Armour fits poorly on your strangely shaped body.
You can roll at nearby foes to attack.
You have a long armoured tail.


Message History

Ye kill tha gnoll!
Trog accepts yer kill.
Yer Axes skill increases ta level 3!
Nay target in view!
Nay target in view!
HP restored.
A gnoll comes inta view.
It be wieldin' a +0 flail.
Tha gnoll shouts!
Ye hear a shout!
Health restored: 31 A gnoll comes inta view.
It be wieldin' a +0 flail.
Tha gnoll shouts!
An adder comes inta view.
A gnoll an' a giant cockroach come inta view.
Tha gnoll shouts!
Tha gnoll hits ye wit' a +0 flail.
Ye take 5 damage, an' haf 26/31 hp.
Ye hit tha gnoll.
Tha gnoll be lightly wounded.
Ye hit tha gnoll.
Tha gnoll hits ye but does nay damage.
Tha gnoll hits ye wit' a +0 flail.
Ye take 1 damage, an' haf 25/31 hp.
Ye closely miss tha gnoll.
Tha gnoll be moderately wounded.
Ye hit tha gnoll but do nay damage.
Ye hit tha gnoll.
Tha gnoll hits ye wit' a +0 flail!
Tha gnoll barely misses ye.
Tha gnoll hits ye wit' a +0 flail.
Ye take 12 damage, an' haf 13/31 hp.
MASSIVE DAMAGE!!
Ye be too injured ta fight recklessly!
Tha gnoll attacks as ye move away!
Tha gnoll hits ye wit' a +0 flail.
* * * LOW HITPOINT WARNIN'
* * * Ye take 5 damage, an' haf 8/31 hp.
A red film seems ta co'er yer vision as ye go berserk!
Ye feel yerself movin' faster!
Ye feel mighty!
Tha gnoll hits ye wit' a +0 flail.
* * * LOW HITPOINT WARNIN'
* * * Ye now haf 9/46hp.
Ye barely miss tha gnoll.
Tha gnoll be lightly wounded.
Tha gnoll hits ye wit' a +0 flail!
Ye die...

.######...##########.
........#....>.......
#######....###.##.###
.. #..#.# #.# #.
###..#.###.# #.
#....#.....# #.
#.#######..#
######S##....#....##
.....Bgg@.#..#.######.
..####g####..#........
#.#.###....####### ..#
#..)...## ###
#.#######


You could see 3 gnolls, an adder and a giant cockroach.

Vanquished Creatures
  A gnoll (D:2)
  5 endoplasms (D:1)
  2 giant cockroaches (D:1)
  3 goblins (D:1)
  2 hobgoblins (D:1)
  A quokka (D:1)
  5 ball pythons (D:1)
  A bat (D:1)
  A frilled lizard (D:1)
  4 kobolds (D:1)
  3 rats (D:1)
28 creatures vanquished.

Notes
Turn   | Place    | Note
-------+----------+-------------------------------------------
     0 | D:1      | ProzacElf the Palentonga Fighter began the quest for the
                  | Orb.
     0 | D:1      | Reached XP level 1. HP: 19/19 MP: 1/1
   138 | D:1      | Reached XP level 2. HP: 25/25 MP: 2/2
   527 | D:1      | Found a faded altar of an unknown god.
   530 | D:1      | Prayed at the altar of an unknown god.
   530 | D:1      | Became a worshipper of Trog the Wrathful
   530 | D:1      | Reached * piety under Trog
   729 | D:1      | Reached XP level 3. HP: 31/31 MP: 3/3
   937 | D:2      | Slain by a gnoll

Illustrated notes

Levels and vault maps discovered:
D:1:      lemuel_arrival_lava_pool, layout_loops_ring,
          chequers_ecumenical_altar_grove, minmay_pentomino_x4
D:2:      layout_loops_ring, nrook_loot_triangle, uniq_natasha

Skill      XL: |  1  2  3 |
---------------+----------+-----
Armour         | 3 |  3.1
Axes           | 3 |  3.0
Fighting       | |  3.0
Shields        | |  2.6

Action                   || total
-------------------------++-------
Melee: War axe           ||    60
       Tailslap          ||     1
Invok: Berserk           ||     1
Armor: Scale mail        ||    26
Dodge: Dodged            ||    16
Block: Buckler           ||    10
